 Dungeon Crawl Stone Soup version 0.28-a0-906-g0406aca7d3 (webtiles) character file.

Game seed: 5609179193079071931

23542 croobank the Cleaver (level 12, 0/112 HPs)
             Began as a Deep Dwarf Berserker on Nov 23, 2021.
             Was a High Priest of Trog.
             Slain by a boulder beetle (10 damage)
             ... on level 11 of the Dungeon on Nov 24, 2021.
             The game lasted 02:15:24 (11840 turns).

croobank the Cleaver (Deep Dwarf Berserker)        Turns: 11840, Time: 02:15:25

Health: 0/112      AC: 16    Str: 26    XL:     12   Next: 72%
Magic:  3/3        EV: 15    Int: 14    God:    Trog [*****.]
Gold:   125        SH: 18    Dex: 15    Spells: 11/11 levels left

rFire   + + .      SeeInvis .   a - +2 war axe (freeze)
rCold   . . .      Faith    .   f - +4 tower shield
rNeg    . . .      Spirit   .   o - +5 ring mail {rF+}
rPois   +          Reflect  .   u - +0 hat {Stlth+}
rElec   .          Harm     .   n - +2 cloak
rCorr   +          Rampage  .   d - +0 pair of gloves
Will    +....                   (no boots)
Stlth   +++.......              (no amulet)
HPRegen 0.00/turn               K - ring "Umuryqong" {rF+ rCorr Int+6}
MPRegen 0.08/turn               P - ring of Toesh {rPois EV+4 Dex+3}

@: studying Necromancy
A: damage resistance, heal wounds, sense surroundings 2, no regeneration
a: Heal Wounds, Renounce Religion, Berserk, Trog's Hand, Brothers in Arms


You were on level 11 of the Dungeon.
You worshipped Trog.
Trog was extremely pleased with you.
You visited 2 branches of the dungeon, and saw 12 of its levels.

You collected 684 gold pieces.
You spent 559 gold pieces at shops.

Inventory:

Hand Weapons
 a - a +2 war axe of freezing (weapon)
 b - a +0 hand crossbow
 c - a +0 short sword
 t - a +4 dagger
 H - a +3 scimitar of flaming
 J - a +3 dagger of speed
 Q - a +1 flail of draining
 S - a +2 morningstar
 W - a +6 spear of venom
Missiles
 E - 2 throwing nets
 L - 56 poisoned darts
 O - 10 boomerangs
 R - 13 bolts
 T - 3 atropa-tipped darts
Armour
 d - a +0 pair of gloves (worn)
 f - a +4 tower shield (worn)
 i - a +0 scale mail
 n - a +2 cloak (worn)
 o - a +5 ring mail of fire resistance (worn)
 u - a +0 hat of stealth (worn)
 v - a +0 chain mail
Jewellery
 e - a ring of magical power
 p - a ring of protection from fire
 s - a ring of protection from fire
 F - a ring of positive energy
 K - the ring "Umuryqong" (left hand) {rF+ rCorr Int+6}
   (You bought it in a shop on level 6 of the Dungeon)

   [ring of resist corrosion]

   Int:       It affects your intelligence (+6).
   rF:        It protects you from fire.
   rCorr:     It protects you from acid and corrosion.
 N - a ring of flight
 P - the ring of Toesh (right hand) {rPois EV+4 Dex+3}
   (You found it on level 7 of the Dungeon)

   [ring of evasion]

   EV:        It affects your evasion (+4).
   Dex:       It affects your dexterity (+3).
   rPois:     It protects you from poison.
Wands
 h - a wand of paralysis (3)
 j - a wand of charming (9) (quivered)
 G - a wand of polymorph (12)
 X - a wand of iceblast (2)
Scrolls
 l - 2 scrolls of fear
 r - a scroll of enchant weapon {unknown}
 w - a scroll of fog {unknown}
 x - a scroll of immolation {unknown}
 y - 2 scrolls of magic mapping
 M - a scroll of silence {unknown}
 V - a scroll of holy word {unknown}
 Y - a scroll of acquirement {unknown}
 Z - 5 scrolls of teleportation
Potions
 g - 5 potions of brilliance
 k - a potion of berserk rage
 m - 4 potions of flight
 q - 4 potions of resistance
 z - a potion of curing
 A - a potion of attraction {unknown}
 B - 2 potions of degeneration
 C - 2 potions of ambrosia {unknown}
 D - a potion of magic {unknown}
 I - 2 potions of cancellation


   Skills:
 + Level 8.5 Fighting
 + Level 1.0 Short Blades
 + Level 14.3 Axes
 + Level 10.2 Crossbows
 + Level 1.4 Throwing
 + Level 8.0 Armour
 + Level 7.0 Dodging
 + Level 3.8 Stealth
 * Level 6.6 Shields
 + Level 2.5 Evocations


You had 11 spell levels left.
You didn't know any spells.
Your spell library contained the following spells:

 Spells                   Type           Power      Damage    Failure   Level
 Animate Skeleton         Necr           0%         N/A       99%         1
 Beastly Appendage        Tmut           0%         N/A       99%         1
 Foxfire                  Conj/Fire      0%         2x1d4     99%         1
 Magic Dart               Conj           0%         1d3       99%         1
 Pain                     Necr           0%         1d4       99%         1
 Slow                     Hex            0%         N/A       99%         1
 Sting                    Tmut/Pois      0%         1d3       99%         1
 Blink                    Tloc           0%         N/A       100%        2
 Poisonous Vapours        Pois/Air       0%         N/A       100%        2
 Scorch                   Fire           0%         2d5       100%        2
 Searing Ray              Conj           0%         2d4       100%        2
 Wereblood                Tmut           0%         N/A       100%        2
 Confusing Touch          Hex            0%         N/A       100%        3
 Conjure Flame            Conj/Fire      0%         6-21      100%        3
 Gell's Gravitas          Tloc           0%         N/A       100%        3
 Inner Flame              Hex/Fire       0%         N/A       100%        3
 Spider Form              Tmut/Pois      0%         N/A       100%        3
 Vampiric Draining        Necr           0%         2d6       100%        3
 Flame Wave               Conj/Fire      0%         3d3       100%        4
 Fulminant Prism          Conj/Hex       0%         3d6       100%        4
 Olgreb's Toxic Radiance  Pois           0%         N/A       100%        4
 Summon Mana Viper        Hex/Summ       0%         N/A       100%        5
 Dispersal                Tloc           0%         N/A       100%        6
 Summon Cactus Giant      Summ           0%         N/A       100%        6
 Ozocubu's Refrigeration  Ice            0%         4d5       100%        7
 Ignition                 Fire           0%         3d3       100%        8


Dungeon Overview and Level Annotations

Branches:
Dungeon (11/15)            Temple (0/1) D:6            Lair (1/6) D:10
    Orc (0/2) D:9

Altars:
Gozag
Nemelex Xobeh
Yredelemnul

Shops:
D:2 :   D:6 =


Innate Abilities, Weirdness & Mutations

You are resistant to damage.
You can heal yourself by infusing magical energy.
You passively map the area around you.
You do not regenerate.


Message History

The bolt hits the boulder beetle but does no damage.
The boulder beetle is moderately wounded.
The boulder beetle curls into a ball and begins rolling!
Fire: 14 bolts
Press: ? - help, Q - select action, (/) - cycle Shift-Dir - straight line, f/p - boulder beetle
Aim: a boulder beetle (moderately wounded, rolling, 92% to hit)
You shoot a bolt.
The bolt hits the boulder beetle but does no damage.
The boulder beetle is moderately wounded.
The boulder beetle hits you!!
* * * LOW HITPOINT WARNING * * *
The boulder beetle stops rolling and uncurls.
Your +2 war axe of freezing glows with a cold blue light!
a - a +2 war axe of freezing (weapon)
You hit the boulder beetle. You freeze the boulder beetle.
The boulder beetle is moderately wounded.
You block the boulder beetle's attack.
You hit the boulder beetle but do no damage.
The boulder beetle is moderately wounded.
You block the boulder beetle's attack.
You hit the boulder beetle but do no damage.
The boulder beetle is moderately wounded.
The boulder beetle bites you. You block the boulder beetle's attack.
You hit the boulder beetle but do no damage.
The boulder beetle is moderately wounded.
You block the boulder beetle's attack.
You hit the boulder beetle. You freeze the boulder beetle.
The boulder beetle is moderately wounded.
You block the boulder beetle's attack.
You hit the boulder beetle. You freeze the boulder beetle.
The boulder beetle is moderately wounded.
The boulder beetle barely misses you.
You hit the boulder beetle but do no damage.
The boulder beetle is moderately wounded.
The boulder beetle bites you!
* * * LOW HITPOINT WARNING * * *
You hit the boulder beetle. You freeze the boulder beetle.
The boulder beetle is heavily wounded.
The boulder beetle bites you!
You die...

####..###..## ,*
#..(......### * *,
########.#(.........
#................... , *
###......((...........
*#..................... ,
#..........##....>.. ,,
...##...B...............
,.......@................
,,
...............#######..
, , #..##..........###
##.. , < ##
..............####... *
.................##... ,
###........###..#......
###......####.###....
##....(............ #
#............##


You could see a boulder beetle.

Vanquished Creatures
  Gastronok (Lair:1)
  Harold (D:11)
  A hydra (Lair:1)
  A centaur warrior (D:8)
  Erica (D:10)
  3 two-headed ogres
  Urug (Lair:1)
  Pikel (D:5)
  The ghost of aaaaab the Cleaver, a novice MiBe of Trog (D:6)
  A cyclops (D:8)
  An ugly thing (D:9)
  2 centaur zombies
  Joseph (D:8)
  A gargoyle (D:10)
  3 komodo dragons
  2 trolls
  5 blink frogs
  2 hornets
  Grinder (D:5)
  2 vampires
  A shadow (D:8)
  2 wraiths
  33 yaks
  Grum (D:11)
  A basilisk (Lair:1)
  2 steam dragons (D:8)
  An acid dragon (D:9)
  4 water moccasins (D:10)
  12 orc warriors
  An ice beast (D:7)
  A sky beast (D:5)
  6 black bears
  A necrophage (D:6)
  An ogre (D:4)
  3 wolves (D:11)
  5 centaurs
  A phantom (D:5)
  2 kobold brigands
  7 bullfrogs
  Blork the orc (D:5)
  A gnoll sergeant (D:9)
  2 scorpions
  2 water moccasin zombies (D:5)
  3 water moccasin skeletons
  A wyvern skeleton (D:7)
  8 wights
  A howler monkey (D:8)
  3 orc priests
  A bullfrog zombie (D:6)
  3 hounds
  A jelly (D:6)
  A gnoll shaman (D:8)
  4 iguanas
  4 orc wizards
  A scorpion zombie (D:5)
  2 killer bee zombies
  2 hound skeletons (D:4)
  Robin (D:4)
  11 gnolls
  4 adders
  A white imp (D:6)
  An ufetubus (D:5)
  An adder zombie (D:5)
  6 worms
  A dart slug (D:5)
  41 orcs
  4 endoplasms
  3 giant cockroaches
  18 goblins
  9 hobgoblins
  7 jackals
  11 kobolds
  6 quokkas
  6 ball pythons
  4 bats
  3 frilled lizards
  6 rats
302 creatures vanquished.

Vanquished Creatures (collateral kills)
  A hydra (Lair:1)
1 creature vanquished.

Vanquished Creatures (others)
  A white imp (D:8)
  30 fungi
  34 plants
65 creatures vanquished.

Grand Total: 368 creatures vanquished

Notes
Turn   | Place    | Note
-------+----------+-------------------------------------------
     0 | D:1      | croobank the Deep Dwarf Berserker began the quest for the
                  | Orb.
     0 | D:1      | Reached XP level 1. HP: 20/20 MP: 1/1
   182 | D:1      | HP: 1/20 [kobold (3)]
   541 | D:1      | Reached XP level 2. HP: 16/27 MP: 2/2
   547 | D:1      | Found a faded altar of an unknown god.
  1233 | D:2      | Reached XP level 3. HP: 34/34 MP: 3/3
  1319 | D:2      | Found Fut Wil's Book Shoppe.
  1630 | D:3      | Reached ** piety under Trog
  1648 | D:3      | Reached skill level 4 in Axes
  1848 | D:3      | Reached XP level 4. HP: 31/42 MP: 4/4
  2730 | D:4      | Noticed Robin
  2737 | D:4      | Killed Robin
  2738 | D:4      | Reached XP level 5. HP: 42/49 MP: 4/4
  2902 | D:4      | Noticed an ogre
  2914 | D:4      | Killed an ogre
  2915 | D:4      | Reached skill level 1 in Crossbows
  3366 | D:5      | Entered Level 5 of the Dungeon
  3410 | D:5      | Reached skill level 5 in Axes
  3410 | D:5      | Reached XP level 6. HP: 56/57 MP: 5/5
  3446 | D:5      | Noticed Grinder
  3453 | D:5      | Paralysed by Grinder for 6 turns
  3459 | D:5      | Killed Grinder
  3570 | D:5      | Reached skill level 6 in Axes
  3570 | D:5      | Reached XP level 7. HP: 49/63 MP: 5/5
  3596 | D:5      | Reached *** piety under Trog
  3718 | D:5      | Reached skill level 1 in Stealth
  3720 | D:5      | Noticed Blork the orc
  3729 | D:5      | Killed Blork the orc
  3859 | D:5      | Noticed Pikel
  3867 | D:5      | Killed Pikel
  3868 | D:5      | Reached skill level 8 in Axes
  3868 | D:5      | Reached XP level 8. HP: 45/73 MP: 6/6
  4297 | D:5      | Found a basalt altar of Yredelemnul.
  4560 | D:6      | Reached **** piety under Trog
  4602 | D:6      | Found a runed translucent door.
  4602 | D:6      | Noticed aaaaab's ghost (novice MiBe)
  4635 | D:6      | Found an opulent altar of Gozag.
  4635 | D:6      | Found a sparkling altar of Nemelex Xobeh.
  4731 | D:6      | Reached skill level 5 in Crossbows
  4739 | D:6      | Reached skill level 9 in Axes
  4852 | D:6      | Gained mutation: You passively map the area around you.
                  | [Deep Dwarf growth]
  4852 | D:6      | Reached XP level 9. HP: 61/80 MP: 7/7
  4856 | D:6      | Reached skill level 5 in Fighting
  4920 | D:6      | Found Oqiffuuc's Jewellery Shoppe.
  5119 | D:6      | Found a staircase to the Ecumenical Temple.
  5165 | D:6      | Killed aaaaab's ghost
  5166 | D:6      | Reached skill level 5 in Armour
  5184 | D:6      | Reached skill level 10 in Axes
  5384 | D:7      | Reached skill level 5 in Dodging
  5577 | D:7      | Identified the ring of Toesh {rPois EV+4 Dex+3}
  5856 | D:8      | Noticed Joseph
  5867 | D:8      | Killed Joseph
  5868 | D:8      | Reached XP level 10. HP: 76/92 MP: 7/7
  5958 | D:8      | Reached skill level 11 in Axes
  6045 | D:8      | Noticed a centaur warrior
  6052 | D:8      | Noticed a cyclops
  7319 | D:8      | Killed a cyclops
  7323 | D:8      | Killed a centaur warrior
  7705 | D:8      | Noticed a brown ugly thing
  7789 | D:8      | Noticed a two-headed ogre
  7817 | D:9      | Killed a two-headed ogre
  7818 | D:9      | Reached XP level 11. HP: 84/100 MP: 5/5
  7818 | D:9      | Killed a brown ugly thing
  7819 | D:9      | Reached skill level 12 in Axes
  7829 | D:8      | Reached skill level 1 in Evocations
  7886 | D:8      | Got the Catalogue of Beguiling and Dislocation
  8398 | D:9      | Reached ***** piety under Trog
  8602 | D:9      | Noticed a two-headed ogre
  8611 | D:9      | Killed a two-headed ogre
  8902 | D:9      | Found a staircase to the Orcish Mines.
  8995 | D:9      | Reached skill level 1 in Shields
  9177 | D:10     | Entered Level 10 of the Dungeon
  9309 | D:10     | Noticed Erica
  9326 | D:10     | Killed Erica
  9327 | D:10     | Reached skill level 10 in Crossbows
  9681 | D:10     | Noticed a two-headed ogre
  9695 | D:10     | Killed a two-headed ogre
  9696 | D:10     | Reached skill level 13 in Axes
  9787 | D:10     | Reached skill level 1 in Throwing
  9814 | D:10     | Found a staircase to the Lair.
 10180 | Lair:1   | Entered Level 1 of the Lair of Beasts
 10181 | Lair:1   | Noticed Gastronok
 10211 | D:10     | Reached XP level 12. HP: 48/110 MP: 5/5
 10262 | Lair:1   | Killed Gastronok
 10469 | Lair:1   | Noticed an eight-headed hydra
 10488 | Lair:1   | Killed an eight-headed hydra
 10498 | Lair:1   | Reached skill level 5 in Shields
 10500 | Lair:1   | Reached skill level 14 in Axes
 10547 | Lair:1   | Noticed Urug
 10565 | Lair:1   | HP: 4/110 [Urug (28)]
 10583 | Lair:1   | Killed Urug
 10793 | Lair:1   | Noticed a five-headed hydra
 10882 | Lair:1   | Killed a five-headed hydra
 11474 | D:6      | Bought the ring "Umuryqong" {rF+ rCorr Int+6} for 559 gold
                  | pieces
 11550 | D:11     | Noticed Harold
 11565 | D:11     | Killed Harold
 11566 | D:11     | Reached skill level 1 in Short Blades
 11658 | D:11     | Noticed Grum
 11675 | D:11     | Killed Grum
 11802 | D:11     | Noticed a boulder beetle
 11840 | D:11     | Slain by a boulder beetle

Illustrated notes

Levels and vault maps discovered:
D:1:      psy_arrival_dodecagon, layout_loops_ring,
          hellmonk_ecumenical_altar_lost_god
D:2:      layout_basic, serial_shops, nicolae_shop_stone, serial_glass,
          glass_columns_a, glass_columns_c, feat_on_display,
          minmay_strange_pillars, minmay_pentomino_z2
D:3:      layout_loops_ring
D:4:      kennysheep_goblin_castle, layout_cave_pods
D:5:      layout_basic, lemuel_zombie_altar_yredelemnul, nicolae_wormholes,
          uniq_pikel, uniq_grinder, uniq_blork_the_orc
D:6:      layout_cave_pools, grunt_temple_overflow_opulence, temple_hall,
          hellmonk_ghost_happy_afterlife, serial_shops, shop,
          roderic_roman_lattice
D:7:      black_bear_nest_1, layout_rooms, patterned_corridor
D:8:      minmay_bloctagon, layout_cave_pools, minmay_manual_mail, uniq_joseph
D:9:      layout_irregular_city, david_orc_1_choice
D:10:     layout_small_grid, due_lair_maze_entry_diamond, uniq_erica
D:11:     layout_rooms, uniq_harold, uniq_grum
Lair:1:   layout_regular_city, columned_hall_lemuel, st_stairs_11,
          nicolae_lair_lil_pond, serial_bayou_shore_a, uniq_gastronok, uniq_urug

Skill      XL: |  1  2  3  4  5  6  7  8  9 10 11 12 |
---------------+-------------------------------------+-----
Fighting       | 3 4 6 7 8 |  8.5
Axes           | 4 5 6 8 9 10 11 13 14 | 14.3
Dodging        | 3 4 5 6 7 |  7.0
Armour         | 3 4 5 6 7 8 |  8.0
Crossbows      | 1 3 4 5 6 9 10 | 10.2
Stealth        | 1 3 |  3.8
Evocations     | 1 2 |  2.5
Shields        | 3 6 |  6.6
Throwing       | 1 |  1.4
Short Blades   | 1 |  1.0

Action                   |  1- 3 |  4- 6 |  7- 9 | 10-12 || total
-------------------------+-------+-------+-------+-------++-------
Melee: Hand axe          |   176 |    89 |       |       ||   265
       War axe           |       |    27 |   213 |   384 ||   624
       Dagger            |       |       |       |    21 ||    21
 Fire: Hand crossbow     |       |    25 |    66 |   174 ||   265
Throw: Throwing net      |       |       |       |     3 ||     3
       Dart              |       |       |       |    14 ||    14
Invok: Berserk           |     1 |       |     1 |     7 ||     9
       Trog's Hand       |       |       |     1 |     5 ||     6
       Brothers in Arms  |       |       |       |     2 ||     2
 Abil: Heal Wounds       |     3 |     3 |     5 |    23 ||    34
Evoke: Wand              |       |       |       |    17 ||    17
  Use: Scroll            |     6 |       |     9 |    16 ||    31
       Potion            |       |     1 |     5 |     8 ||    14
 Stab: Paralysed         |       |       |       |     2 ||     2
Armor: Animal skin       |    31 |       |       |       ||    31
       Ring mail         |    33 |    60 |   111 |   146 ||   350
Dodge: Dodged            |   107 |    72 |   122 |   369 ||   670
Block: Tower shield      |       |       |       |   104 ||   104

Table legend: (Time is in decaauts)
 A = Elapsed time spent in this place.
 B = Non-inter-level travel time spent in this place.
 C = Inter-level travel time spent in this place.
 D = Time resting spent in this place.
 E = Time spent auto-exploring this place.
 F = Levels seen in this place.
 G = Mean time per level.
                   A        B        C        D        E       F      G
               +--------+--------+--------+--------+--------+-----+--------+
         Total |  11823 |  11218 |    605 |   1844 |   5592 |  12 |  985.2 |
       Dungeon |  10653 |  10051 |    602 |   1844 |   5144 |  11 |  968.5 |
          Lair |   1170 |   1168 |      2 |      0 |    447 |   1 | 1170.0 |
               +--------+--------+--------+--------+--------+-----+--------+

Top non-repeatable levels by time:
     D:7: 1870 daAuts
     D:9: 1193 daAuts
  Lair:1: 1170 daAuts
     D:5: 1140 daAuts
     D:4: 1082 daAuts
     D:8: 1037 daAuts
    D:10: 982 daAuts
     D:2: 908 daAuts
     D:1: 738 daAuts
     D:6: 708 daAuts
     D:3: 679 daAuts
    D:11: 311 daAuts
